 Dungeon Crawl Stone Soup version 0.32-a0-747-gc8563f6773 (webtiles) character file.

Game seed: 10572107699995868761

3080313 Patrick2011b the Slayer (level 25, 247/247 HPs)
             Began as a Mountain Dwarf Fighter on Mar 13, 2024.
             Was an Elder of Elyvilon.
             Escaped with the Orb
             ... and 4 runes
             ... and 2 gems on Mar 17, 2024!
             The game lasted 06:24:05 (49245 turns).

Patrick2011b the Slayer (Mountain Dwarf Fighter)   Turns: 49245, Time: 06:24:06

Health: 247/247    AC: 35    Str: 39    XL:     25   Next: 57%
Magic:  29/29      EV: 11    Int:  4    God:    Elyvilon [****..]
Gold:   2114       SH: 28    Dex:  9    Spells: 24/24 levels left

rFire   + + +        H - +5 broad axe (freeze)
rCold   + . .        d - +8 tower shield "Eduitoa" {rPois rF+ MP-9 Int+3}
rNeg    + + .        r - +5 plate armour of Qomonyrch {rElec rF++ Slay-4 Stlth+}
rPois   +            X - +2 hood of the Assassin {Detect Stab+ Stlth++}
rElec   +            a - +4 dragonskin cloak {Aegis}
rCorr   .            U - +2 pair of gloves
SInv    .            o - +2 pair of boots
Will    +++..        k - amulet of regeneration Stlth
                     W - ring "Ataxku" {*Corrode rF+ Str+4 Slay+4}
HPRegen 1.41/turn    K - ring "Mooxoaf" {Ice rN++ Str+5 Int-5}
MPRegen 0.21/turn

%: random rage (3%), corrode self (3%)
@: studying Earth Magic
A: runic magic, artefact enchanting, berserk 1, deformed body, dopey 2,
strong-willed 1, poison resistance, screaming 1, MP-powered wands
0: Orb of Zot
}: 4/15 runes: serpentine, barnacled, slimy, abyssal
a: Renounce Religion, Purification, Heal Other, Heal Self


You escaped.
You worshipped Elyvilon.
Elyvilon was greatly pleased with you.
You visited 10 branches of the dungeon, and saw 50 of its levels.
You visited the Abyss 1 time.

You collected 5451 gold pieces.
You spent 3337 gold pieces at shops.

Inventory:

Hand Weapons
 y - the +5 Force Lance {heavy, knockback}
   (You found it on level 4 of the Dungeon)
 H - a +5 broad axe of freezing (weapon)
Missiles
 b - 7 curare-tipped darts
 n - 6 silver javelins (quivered)
 V - 2 throwing nets
Armour
 a - the +4 dragonskin cloak (worn) {Aegis}
   (You took it off Tiamat on level 4 of the Realm of Zot)

   Avatar's Aegis: It grants the wearer a chance to resist fire, cold, poison,
   electricity, acid, and negative energy.
 d - the +8 tower shield "Eduitoa" (worn) {rPois rF+ MP-9 Int+3}
   (You took it off an orc on level 3 of the Dungeon)

   Int+3:     It affects your intelligence (+3).
   rF+:       It protects you from fire.
   rPois:     It protects you from poison.
   MP-9:      It affects your magic capacity (-9).
 o - a +2 pair of boots (worn)
 r - the +5 plate armour of Qomonyrch (worn) {rElec rF++ Slay-4 Stlth+}
   (You bought it in a shop on level 3 of the Shoals)

   Slay-4:    It affects your accuracy & damage with ranged weapons and melee
   (-4).
   rF++:      It greatly protects you from fire.
   rElec:     It insulates you from electricity.
   Stlth+:    It makes you more stealthy.
 z - the +6 faerie dragon scales {rElec rCorr Str+3 Int+3}
   (You took it off the Enchantress on level 2 of the Depths)

   Str+3:     It affects your strength (+3).
   Int+3:     It affects your intelligence (+3).
   rElec:     It insulates you from electricity.
   rCorr:     It protects you from acid and corrosion.
 U - a +2 pair of gloves (worn)
 X - the +2 hood of the Assassin (worn) {Detect Stab+ Stlth++}
   (You found it on level 1 of the Vaults)

   Detect:    It allows the wearer to sense nearby creatures.
   Stab+:     It allows the wearer to make particularly effective stabbing
   attacks against helpless or unaware enemies with any weapon.
   Stlth++:   It makes you much more stealthy.
Jewellery
 c - a ring of resist corrosion
 k - an amulet of regeneration (around neck)
 I - a +4 ring of protection
 K - the ring "Mooxoaf" (right hand) {Ice rN++ Str+5 Int-5}
   (You found it on level 5 of the Pits of Slime)

   [ring of ice]

   Ice:       It enhances your ice magic.
   Str+5:     It affects your strength (+5).
   Int-5:     It affects your intelligence (-5).
   rF-:       It makes you vulnerable to fire.
   rC+:       It protects you from cold.
   rN++:      It greatly protects you from negative energy.
 W - the ring "Ataxku" (left hand) {*Corrode rF+ Str+4 Slay+4}
   (You found it on level 5 of the Pits of Slime)

   [ring of slaying]

   Str+4:     It affects your strength (+4).
   Slay+4:    It affects your accuracy & damage with ranged weapons and melee
   (+4).
   rF+:       It protects you from fire.
   *Corrode:  It may corrode you when you take damage.
 Z - the ring "Zeoseming" {Wiz Fly rC+ Dex-4 Slay+4}
   (You acquired it on level 3 of the Vaults)

   [ring of wizardry]

   Wiz:       It improves your spell success rate.
   Dex-4:     It affects your dexterity (-4).
   Slay+4:    It affects your accuracy & damage with ranged weapons and melee
   (+4).
   rC+:       It protects you from cold.
   Fly:       It grants you flight.
Wands
 j - a wand of charming (32)
 C - a wand of light (56)
 G - a wand of roots (23)
 L - a wand of polymorph (16)
 N - a wand of flame (85)
 O - a wand of mindburst (25)
Scrolls
 i - 3 scrolls of fear
 m - a scroll of fog
 t - a scroll of teleportation
 u - 3 scrolls of immolation
 B - 2 scrolls of brand weapon
 D - 2 scrolls of silence
 P - 4 scrolls of vulnerability
Potions
 f - 4 potions of resistance
 g - 4 potions of magic
 h - 9 potions of enlightenment
 q - 4 potions of curing
 v - 2 potions of invisibility
Miscellaneous
 l - a box of beasts (inert)
 w - a phantom mirror (inert)


   Skills:
 + Level 24.7 Fighting
 - Level 19.5(21.0) Axes
 - Level 11.4(15.4) Polearms
 - Level 12.0 Throwing
 + Level 21.0 Armour
 + Level 10.4 Dodging
 + Level 20.9 Shields
 - Level 22.0 Invocations
 - Level 5.0 Evocations


You had 24 spell levels left.
You didn't know any spells.
Your spell library contained the following spells:

 Spells                   Type           Power      Damage    Failure   Level
 Apportation              Tloc           0%         N/A       69%         1
 Magic Dart               Conj           0%         1d3       69%         1
 Sting                    Conj/Alch      0%         1d3       69%         1
 Summon Small Mammal      Summ           0%         N/A       69%         1
 Blink                    Tloc           0%         N/A       83%         2
 Call Imp                 Summ           0%         N/A       83%         2
 Ensorcelled Hibernation  Hex/Ice        0%         N/A       83%         2
 Jinxbite                 Hex            0%         N/A       83%         2
 Mercury Vapours          Alch/Air       0%         N/A       83%         2
 Searing Ray              Conj           0%         2d4       83%         2
 Sublimation of Blood     Necr           0%         N/A       83%         2
 Call Canine Familiar     Summ           0%         N/A       96%         3
 Fugue of the Fallen      Necr           0%         N/A       96%         3
 Inner Flame              Hex/Fire       0%         N/A       96%         3
 Mephitic Cloud           Conj/Alch/Air  0%         N/A       96%         3
 Passwall                 Erth           0%         N/A       96%         3
 Sigil of Binding         Hex            0%         N/A       96%         3
 Stone Arrow              Conj/Erth      0%         3d7       96%         3
 Tukima's Dance           Hex            0%         N/A       96%         3
 Volatile Blastmotes      Fire/Tloc      0%         2d10      96%         3
 Anguish                  Hex/Necr       0%         N/A       100%        4
 Animate Armour           Summ/Erth      0%         N/A       100%        4
 Brom's Barrelling Bould  Conj/Erth      0%         2d3       100%        4
 Cause Fear               Hex            0%         N/A       100%        4
 Fulminant Prism          Conj/Alch      0%         3d5       100%        4
 Ignite Poison            Fire/Alch      0%         N/A       100%        4
 Leda's Liquefaction      Alch/Erth      0%         N/A       100%        4
 Olgreb's Toxic Radiance  Alch           0%         N/A       100%        4
 Passage of Golubria      Tloc           0%         N/A       100%        4
 Petrify                  Alch/Erth      0%         N/A       100%        4
 Sticky Flame             Fire/Alch      0%         2d4       100%        4
 Summon Blazeheart Golem  Fire/Summ      0%         N/A       100%        4
 Vhi's Electric Charge    Tloc/Air       0%         N/A       100%        4
 Alistair's Intoxication  Alch           0%         N/A       100%        5
 Arcjolt                  Conj/Air       0%         1d10      100%        5
 Fireball                 Conj/Fire      0%         3d3       100%        5
 Freezing Cloud           Conj/Ice/Air   0%         6-21      100%        5
 Iskenderun's Battlesphe  Conj           0%         2d6       100%        5
 Metabolic Englaciation   Hex/Ice        0%         N/A       100%        5
 Summon Forest            Summ/Tloc      0%         N/A       100%        5
 Summon Mana Viper        Hex/Summ       0%         N/A       100%        5
 Yara's Violent Unravell  Hex/Alch       0%         3d3       100%        5
 Bombard                  Conj/Erth      0%         9d1       100%        6
 Conjure Ball Lightning   Conj/Air       0%         3x3d6     100%        6
 Death Channel            Necr           0%         N/A       100%        6
 Plasma Beam              Fire/Air       0%         2x1d10    100%        6
 Sculpt Simulacrum        Ice/Alch       0%         N/A       100%        6
 Summon Cactus Giant      Summ           0%         N/A       100%        6
 Enfeeble                 Hex            0%         N/A       100%        7
 Orb of Destruction       Conj           0%         9d5       100%        7
 Spellforged Servitor     Conj/Summ      0%         N/A       100%        7
 Summon Hydra             Summ           0%         N/A       100%        7
 Discord                  Hex            0%         N/A       100%        8
 Disjunction              Tloc           0%         N/A       100%        8
 Ignition                 Fire           0%         3d3       100%        8
 Lehudib's Crystal Spear  Conj/Erth      0%         10d2      100%        8
 Dragon's Call            Summ           0%         N/A       100%        9
 Shatter                  Erth           0%         3d5*      100%        9


Dungeon Overview and Level Annotations

Branches:
Dungeon (15/15)            Temple (0/1) D:7            Lair (5/5) D:11
 Shoals (4/4) Lair:2        Snake (4/4) Lair:3        Slime (5/5) Lair:5
    Orc (2/2) D:10            Elf (2/3) Orc:2        Vaults (4/5) D:13
  Crypt (0/3) Vaults:3     Depths (4/4) D:15            Zot (5/5) Depths:4

Altars:
Ashenzari
Cheibriados
Elyvilon
Fedhas
Gozag
Hepliaklqana
Kikubaaqudgha
Uskayaw
Vehumet
Wu Jian
Xom
Yredelemnul
The Shining One
Beogh
Jiyva
Lugonu

Shops:
D:2 ?:[   D:6 !   D:9 **   D:12 ==([   Orc:2 =(!!   Elf:2 ?   Shoals:2 *
Shoals:3 *   Snake:4 !   Vaults:4 (

Portals:
Hell: Depths:1 Depths:2 Depths:3 Depths:4
Abyss: Lair:5 Depths:3
Pandemonium: Orc:2 Depths:2 Depths:3 Depths:4
Ziggurat: Depths:2

Annotations:
D:2 2 shops
D:4 1 runed translucent door, avangion's ghost, amateur MiFi
D:8 2 transporters
Snake:3 3 runed translucent doors, ShinQuickMan's ghost, adept DECj
Orc:1 Erolcha
Elf:2 3 runed translucent doors
Zot:5 exclusion: obsidian statue


Innate Abilities, Weirdness & Mutations

Your spellcasting is much less encumbered by armour.
You can use scrolls of enchantment on lesser artefacts.
You sometimes lose your temper in combat.
Armour fits poorly on your strangely shaped body.
You are very dopey. (Int -4)
You are strong-willed. (Will+)
Your system is resistant to poisons. (rPois)
You occasionally shout uncontrollably at your foes.
You expend magic power (3 MP) to strengthen your wands.


Message History

There is a stone staircase leading down here.
An orange demon comes into view.
An orange demon is nearby!
There is a stone staircase leading up here.
You are confused.
You feel invigorated.
You feel your willpower return. The orange demon stings you from afar.
The orange demon stings you from afar. The orange demon barely misses you.
You feel less invigorated.
You feel less confused. You block the orange demon's attack.
You block the orange demon's attack.
You climb upwards.
Level annotation: 1 runed translucent door, avangion's ghost, amateur MiFi
There is a stone staircase leading down here.
What level of the Dungeon? (default 5, ? - help)
A chaos spawn comes into view.
The chaos spawn moves out of view.
There is a stone staircase leading up here.
You climb upwards.
There is a stone staircase leading down here.
There is a stone staircase leading up here.
You climb upwards.
Level annotation: 2 shops
There is a stone staircase leading down here.
HP restored.
There is a stone staircase leading up here.
You climb upwards.
There is a stone staircase leading down here.
Aiming: Dig
Press: ? - help, Shift-Dir - straight line You can't see that place. [a rock wall.]
You feel a surge of power!
The rock shatters into small pieces.
The now-empty wand crumbles to dust.
Magic restored.
There is a staircase leading out of the dungeon here.
You have escaped!

#...######.#.....###....
#.#######.##...#..##....
##.# ##...###...##.##....
###..###..#..###.###[##....
#....##..#.#..##..##.##....
#.......#...#......#.##....
#..#####.....#####.#..#....
#...#...........#..##......
###..#....@....#..###.#####
##..#.........#..###......
#..#...........#..##.###..
#.#####.....#####....###.#
#......#...#......#÷.#...#
######..#.#..#######.###.#
##..#...........###'#
##.....#######......
##...## #......


There were no monsters in sight!

Vanquished Creatures
  A pandemonium lord (D:12)
  the Royal Jelly (Slime:5)
  Tiamat (Zot:4)
  3 dread liches (Zot:5)
  7 orbs of fire
  3 ancient liches
  4 Killer Klowns (Zot:5)
  Saint Roka (Vaults:2)
  A curse toe (Zot:4)
  A bone dragon (Depths:4)
  the Enchantress (Depths:2)
  5 golden dragons
  Norris (Elf:1)
  2 electric golems (Zot:5)
  4 liches
  15 tentacled monstrosities
  A Hell Sentinel (Abyss:3)
  Mlioglotl (Snake:3)
  23 Orb Guardians (Zot:5)
  A titan (Vaults:4)
  A deep elf master archer (Depths:3)
  Polyphemus (Shoals:3)
  4 sphinxes
  Zenata (Elf:1)
  7 quicksilver dragons
  An Executioner (Depths:3)
  Frances (D:13)
  7 acid blobs
  4 tentacled starspawn (Abyss:3)
  4 shadow dragons
  3 tengu reavers
  5 death cobs
  9 storm dragons
  10 azure jellies
  3 fire giants
  4 draconian monks
  5 nagarajas
  8 rockslimes (Slime:5)
  3 draconian knights
  8 vault wardens
  8 frost giants
  4 ghost moths
  3 draconian scorchers
  2 draconian shifters
  An angel (Zot:3)
  A balrug (Depths:2)
  A deep elf elementalist (Depths:3)
  3 draconian stormcallers
  4 orc warlords
  10 quicksilver oozes
  16 very ugly things
  4 formless jellyfish
  13 ironbound preservers
  3 draconian annihilators
  5 ironbound thunderhulks
  A spriggan defender (Depths:2)
  11 stone giants
  2 deep elf demonologists (Depths:3)
  2 deep elf death magi
  4 vampire knights (Depths:3)
  15 red draconians
  2 deep elf annihilators
  6 black draconians
  10 purple draconians
  7 green draconians
  A minotaur (Shoals:4)
  9 yellow draconians
  2 war gargoyles (Vaults:4)
  6 white draconians
  7 dire elephants
  2 crystal guardians (Elf:2)
  7 ettins
  3 merfolk javelineers
  A jiangshi (Depths:3)
  7 merfolk impalers
  7 fire dragons
  8 yaktaur captains
  3 entropy weavers (Depths:3)
  A deep elf high priest (Depths:3)
  6 great orbs of eyes
  4 ice dragons
  3 peacekeepers
  2 salamander tyrants
  7 rakshasas
  2 vault guards
  The ghost of ezpacito the Chopper, a journeyman CoCK of Xom (D:11)
  12 centaur warriors
  3 spriggan air magi
  6 anacondas
  A death knight (Abyss:3)
  A catoblepas (Elf:2)
  11 deep troll shamans
  2 merfolk avatars (Shoals:3)
  11 ironbound frosthearts
  2 demonspawn (Orc:2)
  11 boulder beetles
  A two-headed ogre (shapeshifter) (Depths:2)
  A merfolk aquamancer (Shoals:4)
  An alligator (Lair:4)
  8 dancing weapons
  3 two-headed ogres
  6 death yaks
  8 tengu warriors
  10 satyrs
  8 deep troll earth magi
  2 spriggan berserkers
  14 naga warriors
  4 demonic crawlers (Elf:1)
  3 vampire magi
  5 thrashing horrors
  10 orc high priests
  6 occultists
  Sonja (D:13)
  9 hell knights
  2 sun demons
  8 deep elf knights
  6 salamander mystics
  4 shock serpents
  18 naga sharpshooters
  10 iron trolls
  8 skysharks
  Amaemon (D:9)
  2 wretched stars (Abyss:3)
  2 spark wasp zombies (Depths:3)
  A flayed ghost (Depths:2)
  7 skeletal warriors (D:12)
  6 glowing orange brains
  48 deep trolls
  9 sea snakes
  8 mana vipers
  8 arcanists
  An anaconda zombie (Abyss:3)
  5 naga ritualists
  A phantasmal warrior (Depths:3)
  8 deep elf archers
  17 lindwurms
  17 deep elf zephyrmancers
  2 swamp dragons (Lair:4)
  9 ironbound convokers
  A bunyip skeleton (Abyss:3)
  14 deep elf pyromancers
  18 harpies
  6 necromancers
  14 orc knights
  3 oklob plants (Lair:2)
  12 orc sorcerers
  49 ugly things
  3 shining eyes
  12 cyclopes
  16 manticores
  19 fauns
  3 meliai (D:15)
  24 moths of wrath
  Maurice (D:7)
  8 merfolk sirens
  11 elephants
  7 guardian serpents
  34 black mambas
  24 salamanders
  An eye of devastation (shapeshifter) (Depths:3)
  2 large abominations
  15 naga magi
  An eye of devastation (Slime:5)
  7 cane toads
  A rime drake (Lair:3)
  4 water nymphs
  2 gargoyles
  A komodo dragon (shapeshifter) (Lair:5)
  16 vault sentinels
  An orange demon (D:9)
  Maggie (D:7)
  2 smoke demons
  3 efreet
  40 yaktaurs
  A freezing wraith (D:14)
  3 komodo dragons
  4 kobold demonologists
  Psyche (D:12)
  7 tengu conjurers
  23 merfolk
  A golden dragon simulacrum (Zot:2)
  2 red devils
  A merfolk (shapeshifter) (Depths:3)
  4 trolls
  2 tyrant leeches (Lair:4)
  A troll (shapeshifter) (D:14)
  2 polar bears (Lair:4)
  3 hornets
  38 blink frogs
  2 wind drakes (Shoals:4)
  3 raiju (Lair:5)
  Grinder (D:5)
  3 glass eyes (Slime:5)
  11 snapping turtles
  7 dream sheep
  A shapeshifter (D:12)
  A spriggan (shapeshifter) (Lair:5)
  63 slime creatures
  3 spriggans (Depths:2)
  2 air elementals (Elf:1)
  4 wraiths
  37 yaks
  3 wyverns
  21 water elementals
  2 ynoxinuls
  A vampire (D:14)
  2 shadows (D:10)
  20 fire elementals
  4 wargs (Orc:2)
  2 basilisks (Lair:5)
  4 starcursed masses (Abyss:3)
  2 steam dragons (D:7)
  A golden eye (shapeshifter) (Lair:5)
  A green draconian simulacrum (Zot:2)
  A neqoxec (Abyss:3)
  A white draconian simulacrum (Zot:2)
  A chaos spawn (Lair:5)
  51 nagas
  9 vampire mosquitoes
  2 swamp worms (Lair:4)
  An acid dragon (D:11)
  A red draconian simulacrum (Zot:2)
  12 water moccasins
  2 black bears (shapeshifter)
  A sky beast (D:6)
  A laughing skull (Abyss:3)
  23 orc warriors
  3 black bears
  3 ice beasts
  4 ogres
  4 boggarts (Vaults:1)
  11 centaurs
  15 wolves
  A kobold brigand (D:3)
  A phantom (D:4)
  2 earth elementals (Elf:1)
  A gnoll sergeant (D:6)
  2 scorpions
  11 small abominations
  13 bullfrogs
  5 wights (D:7)
  4 killer bees (D:9)
  5 electric eels
  2 howler monkeys
  A centaur zombie (D:9)
  7 jellies
  5 centaur skeletons
  A bombardier beetle (D:12)
  35 orc priests
  A gnoll bouda (D:5)
  3 hounds
  An iguana (D:6)
  15 orc wizards
  2 sleepcaps
  2 boggart zombies (D:15)
  A spectral howler monkey (D:9)
  10 gnolls
  9 adders
  A dart slug (D:4)
  5 ribbon worms
  63 orcs
  6 ball pythons
  5 bats
  4 endoplasms
  3 giant cockroaches
  7 hobgoblins
  3 jackals (D:4)
  20 kobolds
  7 quokkas
  13 frilled lizards
  6 goblins
  4 rats
  3 spectral weapons (Depths:2)
  3 starspawn tentacles (Abyss:3)
1870 creatures vanquished.

Vanquished Creatures (collateral kills)
  An orb of fire (Zot:5)
  2 Orb Guardians (Zot:5)
  A ghost moth (Zot:4)
  A draconian shifter (Zot:4)
  A balrug (Depths:1)
  A demonspawn blood saint (Depths:1)
  2 green draconians
  A white draconian (Zot:4)
  A fire elemental (Zot:2)
11 creatures vanquished.

Vanquished Creatures (others)
  A Killer Klown (Zot:5)
  3 golden dragons
  A sphinx (Shoals:4)
  A tengu reaver (Depths:3)
  A fire giant (Depths:2)
  A frost giant (Depths:2)
  2 draconian annihilators (Zot:2)
  A black draconian (Zot:1)
  A dire elephant (Vaults:1)
  A purple draconian (Zot:1)
  2 spark wasps (Depths:1)
  A fire dragon (Depths:2)
  An ettin (Depths:2)
  A merfolk javelineer (Shoals:3)
  A salamander tyrant (Snake:4)
  A tengu warrior (Depths:3)
  A death yak (Lair:5)
  2 spriggan berserkers (Depths:2)
  4 hell knights (Depths:1)
  2 deep trolls
  A necromancer (Depths:3)
  An ironbound convoker (Vaults:1)
  A deep elf pyromancer (Elf:2)
  A cyclops (D:14)
  3 elephants
  A moth of wrath (Zot:1)
  A red devil (Zot:5)
  An air elemental (Elf:2)
  2 yaks
  A basilisk (Lair:3)
  A fire elemental (Zot:2)
  A neqoxec (Zot:5)
  A water moccasin (Lair:2)
  A moth of wrath simulacrum (Zot:2)
  A jelly (Lair:5)
  A gnoll (D:7)
  An orc (D:7)
  7 starspawn tentacles (Abyss:3)
56 creatures vanquished.

Grand Total: 1937 creatures vanquished

Notes
Turn   | Place    | Note
-------+----------+-------------------------------------------
     0 | D:1      | Patrick2011b the Mountain Dwarf Fighter began the quest for
                  | the Orb.
     0 | D:1      | Reached XP level 1. HP: 19/19 MP: 1/1
   140 | D:1      | Reached XP level 2. HP: 21/26 MP: 2/2
   466 | D:2      | Reached XP level 3. HP: 18/31 MP: 3/3
   483 | D:2      | Found Vubec's Book Shoppe.
   612 | D:2      | Found Gampe's Armour Shoppe.
   630 | D:2      | Bought a +0 pair of boots for 54 gold pieces
   718 | D:2      | Found Mikh's Magic Scroll Boutique.
   727 | D:2      | Reached skill level 5 in Axes
   742 | D:2      | Bought a scroll of identify for 20 gold pieces
   769 | D:2      | Identified the +1 ring mail "Miwiwka" {Fly rElec rPois rF-}
   771 | D:2      | found 2 shops but forgot how to annotate
   771 | D:2      | figured out how to annotate
   842 | D:3      | Identified the +8 tower shield "Eduitoa" {rPois rF+ MP-9
                  | Int+3}
   849 | D:3      | Reached XP level 4. HP: 32/38 MP: 4/4
   895 | D:3      | Found a faded altar of an unknown god.
   935 | D:3      | Noticed a black bear
   953 | D:3      | Killed a black bear
   954 | D:3      | Reached XP level 5. HP: 42/46 MP: 0/5
  1088 | D:3      | Reached skill level 4 in Fighting
  1088 | D:3      | Reached XP level 6. HP: 35/52 MP: 0/6
  1271 | D:3      | Found a hide-covered altar of Uskayaw.
  1591 | D:4      | Found the +5 Force Lance {heavy, knockback}
  1668 | D:4      | Reached skill level 1 in Polearms
  1798 | D:4      | Reached XP level 7. HP: 60/60 MP: 0/7
  1883 | D:4      | Found a runed translucent door.
  1889 | D:4      | Noticed avangion's ghost (amateur MiFi)
  2164 | D:5      | Entered Level 5 of the Dungeon
  2164 | D:5      | Noticed Grinder
  2171 | D:5      | Paralysed by Grinder for 2 turns
  2177 | D:5      | Killed Grinder
  2178 | D:5      | Reached skill level 5 in Shields
  2193 | D:5      | Reached skill level 5 in Fighting
  2459 | D:5      | Reached XP level 8. HP: 69/69 MP: 0/8
  2537 | D:5      | Found a white marble altar of Elyvilon.
  2553 | D:5      | Became a worshipper of Elyvilon the Healer
  2556 | D:5      | Found an ornate altar of the Wu Jian Council.
  2713 | D:2      | Bought 3 scrolls of identify for 60 gold pieces
  2713 | D:2      | Bought 3 scrolls of identify for 60 gold pieces
  2713 | D:2      | Bought a scroll of blinking for 75 gold pieces
  2782 | D:6      | Found Roeblajo's Distillery.
  2832 | D:6      | Reached skill level 5 in Polearms
  2855 | D:6      | Reached skill level 6 in Fighting
  3053 | D:6      | Reached * piety under Elyvilon
  3165 | D:7      | Reached XP level 9. HP: 62/78 MP: 0/9
  3274 | D:7      | Found a radiant altar of Vehumet.
  3286 | D:7      | Noticed Maurice
  3293 | D:7      | Killed Maurice
  3294 | D:7      | Reached skill level 7 in Fighting
  3371 | D:7      | Found a staircase to the Ecumenical Temple.
  3415 | D:7      | Noticed Maggie
  3421 | D:7      | Killed Maggie
  3421 | D:7      | Noticed a troll
  3425 | D:7      | Killed a troll
  3665 | D:7      | Reached skill level 8 in Fighting
  4083 | D:8      | Reached XP level 10. HP: 88/88 MP: 1/10
  4127 | D:8      | Reached ** piety under Elyvilon
  4128 | D:8      | Found a transporter.
  4145 | D:8      | Found a transporter.
  4147 | D:8      | Noticed a moth of wrath
  4607 | D:9      | Noticed an orange demon
  4608 | D:9      | Noticed Amaemon
  4613 | D:9      | Killed an orange demon
  4622 | D:9      | Killed Amaemon
  4689 | D:9      | Found Qemeir's General Store.
  4692 | D:9      | Bought a scroll of identify for 20 gold pieces
  4692 | D:9      | Bought a potion of haste for 100 gold pieces
  4868 | D:9      | Reached *** piety under Elyvilon
  4903 | D:9      | Reached skill level 10 in Polearms
  4939 | D:9      | Found Xiaril's Overcharged Wands.
  4993 | D:9      | Reached skill level 9 in Fighting
  5328 | D:10     | Entered Level 10 of the Dungeon
  5458 | D:10     | Reached **** piety under Elyvilon
  5470 | D:10     | Noticed a sun demon
  5655 | D:10     | Noticed a two-headed ogre
  5662 | D:10     | Killed a two-headed ogre
  5663 | D:10     | Reached XP level 11. HP: 99/99 MP: 2/11
  5686 | D:10     | Found a staircase to the Orcish Mines.
  5946 | D:11     | You are sucked into a shaft and drop 2 floors!
  5946 | D:13     | Found a broken altar of Ashenzari.
  6032 | D:11     | Reached skill level 10 in Shields
  6062 | D:11     | Reached ***** piety under Elyvilon
  6118 | D:11     | Reached skill level 10 in Fighting
  6118 | D:11     | Reached skill level 1 in Invocations
  6155 | D:11     | Found a staircase to the Lair.
  6208 | D:11     | Found a runed translucent door.
  6210 | D:11     | Noticed ezpacito's ghost (journeyman CoCK)
  6330 | Lair:1   | Entered Level 1 of the Lair of Beasts
  6614 | Lair:1   | Reached skill level 5 in Invocations
  6644 | Lair:1   | Reached skill level 11 in Fighting
  6926 | Lair:2   | Identified the +12 quarterstaff of Uwnoit {flame, rF+
                  | Dex+2}
  6974 | Lair:2   | Reached XP level 12. HP: 110/110 MP: 2/16
  7265 | Lair:2   | Found a blossoming altar of Fedhas.
  7599 | Lair:2   | Found a staircase to the Shoals.
  7989 | Lair:3   | Reached skill level 12 in Fighting
  7990 | Lair:3   | Noticed a four-headed hydra
  7995 | Lair:3   | Pacified a four-headed hydra
  8158 | Lair:3   | Found a staircase to the Snake Pit.
  8494 | Lair:4   | Reached skill level 10 in Invocations
  8519 | Lair:4   | Reached skill level 13 in Fighting
  8579 | Lair:4   | Reached XP level 13. HP: 111/122 MP: 11/20
  9204 | Lair:4   | Identified the +5 spear of Internal Strife {protect, Will+
                  | Dex+3 Stlth+}
  9412 | Lair:5   | Entered Level 5 of the Lair of Beasts
  9591 | Lair:5   | Reached skill level 14 in Fighting
  9704 | Lair:5   | Found a staircase to the Slime Pits.
  9910 | Lair:5   | Got an earthy gem with 230 turns to spare
  9993 | Lair:5   | Reached XP level 14. HP: 100/133 MP: 23/23
 10037 | Lair:5   | Found a corrupted altar of Lugonu.
 10037 | Lair:5   | Found a one-way gate to the infinite horrors of the Abyss.
 10271 | Lair:5   | Reached skill level 15 in Fighting
 10324 | Lair:5   | Reached skill level 15 in Shields
 10641 | Orc:1    | Entered Level 1 of the Orcish Mines
 10770 | Orc:2    | Entered Level 2 of the Orcish Mines
 10947 | Orc:1    | Noticed Erolcha
 11031 | Orc:2    | Reached skill level 1 in Dodging
 11297 | Orc:2    | Found a staircase to the Elven Halls.
 11311 | Orc:1    | Noticed an orc warlord
 11348 | Orc:2    | Found Totyum's Distillery.
 11445 | Orc:2    | Found Ykitif's Distillery.
 11546 | Orc:2    | Reached skill level 5 in Armour
 12084 | Orc:2    | Found Yxzec's Jewellery Shoppe.
 12084 | Orc:2    | Found Femiawne's Antique Weapon Emporium.
 12085 | Orc:2    | Found a one-way gate leading to the halls of Pandemonium.
 12091 | Orc:2    | Bought a ring of resist corrosion for 300 gold pieces
 12130 | Orc:2    | Bought a potion of cancellation for 88 gold pieces
 12130 | Orc:2    | Bought a potion of might for 44 gold pieces
 12130 | Orc:2    | Bought a potion of experience for 550 gold pieces
 12130 | Orc:2    | Bought a potion of heal wounds for 55 gold pieces
 12130 | Orc:2    | Bought a potion of cancellation for 88 gold pieces
 12130 | Orc:2    | Bought a potion of heal wounds for 55 gold pieces
 12132 | Orc:2    | Reached skill level 15 in Invocations
 12132 | Orc:2    | Reached XP level 15. HP: 143/143 MP: 24/26
 12170 | Orc:2    | Reached skill level 16 in Fighting
 12480 | Orc:2    | Found a roughly hewn altar of Beogh.
 12829 | D:12     | Found Vuablaig's Jewellery Shop.
 12831 | D:12     | Found Geyvosik's Jewellery Boutique.
 12832 | D:12     | Found Poddulal's Antique Armour Emporium.
 12833 | D:12     | Found Houtwucs's Weapon Shop.
 12867 | D:12     | Noticed Psyche
 12880 | D:12     | Killed Psyche
 12972 | D:12     | Bought an encrusted chain mail for 209 gold pieces
 12972 | D:12     | Identified the +7 chain mail of Discretion {rN+ Dex+2 SInv
                  | Stlth+} (You bought it in a shop on level 12 of the
                  | Dungeon)
 13306 | D:12     | Reached XP level 16. HP: 151/151 MP: 27/27
 13416 | D:12     | Found a snail-covered altar of Cheibriados.
 13634 | D:13     | Noticed Frances
 13657 | D:13     | Killed Frances
 13658 | D:13     | Reached skill level 1 in Evocations
 13857 | D:13     | Found a gate to the Vaults.
 13921 | D:13     | Noticed Sonja
 13924 | D:13     | Killed Sonja
 14234 | D:14     | Found a shimmering altar of Xom.
 14474 | D:14     | Reached skill level 17 in Fighting
 14545 | D:14     | Found a glowing golden altar of the Shining One.
 14767 | D:15     | Entered Level 15 of the Dungeon
 14825 | D:15     | Reached skill level 5 in Evocations
 14959 | D:15     | Found an opulent altar of Gozag.
 15008 | D:15     | Reached skill level 10 in Armour
 15250 | D:15     | Found a staircase to the Depths.
 15409 | D:15     | Found a snail-covered altar of Cheibriados.
 15917 | Lair:2   | Upgraded the game from 0.32-a0-699-g1ee5eff69a to
                  | 0.32-a0-705-g60f233581c
 15921 | Shoals:1 | Entered Level 1 of the Shoals
 16098 | Shoals:1 | Reached ****** piety under Elyvilon
 16287 | Shoals:1 | Reached skill level 18 in Fighting
 16624 | Shoals:2 | Found Dyatiel's Assorted Antiques.
 16664 | Shoals:2 | Reached XP level 17. HP: 165/166 MP: 19/28
 16954 | Shoals:2 | Reached skill level 5 in Dodging
 17228 | Shoals:3 | Found Tycuaxtu's General Store.
 17245 | Shoals:3 | Bought a potion of heal wounds for 75 gold pieces
 17245 | Shoals:3 | Bought a scroll of enchant armour for 112 gold pieces
 17245 | Shoals:3 | Bought a scroll of enchant armour for 112 gold pieces
 17296 | Shoals:3 | Noticed Polyphemus
 17352 | Shoals:3 | Killed Polyphemus
 17744 | Shoals:3 | Paralysed by a formless jellyfish for 1 turns
 17859 | Shoals:3 | Reached skill level 19 in Fighting
 17865 | Shoals:4 | Entered Level 4 of the Shoals
 17966 | Shoals:4 | Noticed a sphinx
 17969 | Shoals:4 | Pacified a sphinx
 17987 | Shoals:4 | Killed a sphinx
 17998 | Shoals:4 | Noticed a sphinx
 18286 | Shoals:4 | Got a barnacled rune of Zot
 18323 | Shoals:4 | Found the +3 greatsling "Punk" {acid, rCorr}
 18471 | Shoals:4 | Noticed a sphinx
 18476 | Shoals:4 | Pacified a sphinx
 18544 | Shoals:4 | Paralysed by a sphinx for 2 turns
 18548 | Shoals:4 | Killed a sphinx
 18808 | Lair:2   | Reached XP level 18. HP: 149/176 MP: 21/30
 18848 | Snake:1  | Entered Level 1 of the Snake Pit
 18877 | Snake:1  | Reached skill level 1 in Throwing
 19027 | Snake:1  | Found a glacial archway.
 19715 | Snake:2  | Reached skill level 5 in Throwing
 20795 | Snake:3  | Found a runed translucent gate.
 20795 | Snake:3  | Found a runed translucent gate.
 20795 | Snake:3  | Found a runed translucent gate.
 20798 | Snake:3  | Noticed ShinQuickMan's ghost (adept DECj)
 20841 | Snake:3  | Noticed Mlioglotl
 20859 | Snake:3  | Killed Mlioglotl
 21532 | Snake:4  | Entered Level 4 of the Snake Pit
 22170 | Snake:4  | Reached skill level 10 in Throwing
 22322 | Snake:4  | Found Cuiheh's Distillery.
 22377 | Snake:4  | Bought a potion of berserk rage for 75 gold pieces
 22656 | Snake:4  | Reached XP level 19. HP: 183/183 MP: 22/31
 23262 | Snake:4  | Got a serpentine rune of Zot
 23685 | Orc:2    | Upgraded the game from 0.32-a0-705-g60f233581c to
                  | 0.32-a0-711-g016ad743e0
 23687 | Elf:1    | Entered Level 1 of the Elven Halls
 23961 | Elf:1    | Noticed Zenata
 23986 | Elf:1    | Killed Zenata
 24052 | Elf:1    | Paralysed by an air elemental for 1 turns
 24384 | Elf:1    | Noticed Norris
 24397 | Elf:1    | Reached skill level 10 in Axes
 24404 | Elf:1    | Killed Norris
 24681 | Elf:1    | Paralysed by an air elemental for 1 turns
 24686 | Elf:1    | Paralysed by an air elemental for 1 turns
 25261 | Elf:2    | Paralysed by an air elemental for 1 turns
 25400 | Elf:2    | Found Utitz's Magic Scroll Shop.
 25485 | Elf:2    | Bought a scroll of teleportation for 39 gold pieces
 25485 | Elf:2    | Bought a scroll of teleportation for 39 gold pieces
 25528 | Elf:2    | Found a runed translucent gate.
 25530 | Elf:2    | Found a runed translucent gate.
 25530 | Elf:2    | Found a runed translucent gate.
 25689 | Elf:2    | Noticed a caustic shrike
 26042 | D:11     | Killed ezpacito's ghost
 26053 | D:11     | Identified the +1 robe "Idyaxi" {+Blink Str+4}
 26176 | Vaults:1 | Entered Level 1 of the Vaults
 26565 | Vaults:1 | sucking in Vaults:1
 26596 | Vaults:1 | now trapped in a place where mark is unsurvivable
 26596 | Vaults:1 | only 1 potion of cancellation
 26596 | Vaults:1 | sentinels have 20% mark chance
 26598 | Vaults:1 | just used my last potion of heal wounds and pacified the
                  | elephant
 26598 | Vaults:1 | there's an ironbound preserver to the north
 26598 | Vaults:1 | and I've already proved I'm unusually weak against deep
                  | trolls
 26598 | Vaults:1 | relative to my winning chars
 26749 | Vaults:1 | Found the +2 hood of the Assassin {Detect Stab+ Stlth++}
 26856 | Vaults:1 | Reached XP level 20. HP: 175/191 MP: 23/32
 26878 | Vaults:1 | Reached skill level 15 in Axes
 28170 | Vaults:1 | Vaults:1 went better after those notes
 28170 | Vaults:1 | apparently, I was just in a bad position initially
 28170 | Vaults:1 | the axe didn't get as much damage as I thought, but I'm
                  | using it anyway
 28170 | Vaults:1 | cleaving does more in big fights than what the force lance
                  | does
 28204 | Vaults:2 | Noticed Saint Roka
 28232 | Vaults:2 | Killed Saint Roka
 28446 | Vaults:2 | switched from reflection to regen as I keep rolling big
                  | melee threats
 28446 | Vaults:2 | Vaults was expected to be a good matchup for reflection due
                  | to yaktaurs
 28446 | Vaults:2 | but I haven't seen many of those
 28911 | Vaults:2 | Identified the +2 scale mail "Waceth" {^Contam Rampage
                  | rN+++ Str+2}
 29125 | Vaults:2 | Got the Incunable of the Chthonic Solution
 29281 | Vaults:2 | Identified the +4 short sword "Kihou" {protect, rElec rF+
                  | Dex+3}
 30018 | Vaults:3 | Identified the ring "Remminei" {Fire ^Drain rN+ Int+4}
 30082 | Vaults:3 | Identified a scroll of acquirement
 30103 | Vaults:3 | Acquired the ring "Zeoseming" {Wiz Fly rC+ Dex-4 Slay+4}
 30684 | Vaults:3 | Found a staircase to the Crypt.
 30684 | Vaults:3 | Found an ancient bone altar of Kikubaaqudgha.
 30684 | Vaults:3 | Found a basalt altar of Yredelemnul.
 30752 | Vaults:3 | Identified the +7 shortbow of Welfare {flame, rPois}
 31016 | Vaults:4 | Reached XP level 21. HP: 200/200 MP: 25/34
 31085 | Vaults:4 | Reached skill level 20 in Fighting
 31351 | Vaults:4 | Reached skill level 15 in Armour
 31412 | Vaults:4 | cleared what is probably most if not all of Vaults:4 from
                  | here
 31959 | Vaults:4 | Found Kyoloc's Antique Weapon Emporium.
 32653 | D:15     | Upgraded the game from 0.32-a0-711-g016ad743e0 to
                  | 0.32-a0-732-ga344392067
 32655 | Depths:1 | Entered Level 1 of the Depths
 32752 | Depths:1 | Found a gateway to Hell.
 33517 | Depths:1 | Found an ancient bone altar of Kikubaaqudgha.
 33891 | Depths:2 | Reached skill level 21 in Fighting
 33994 | Depths:2 | Noticed the Enchantress
 34020 | Depths:2 | Killed the Enchantress
 34199 | Depths:2 | Noticed a caustic shrike
 34200 | Depths:2 | Pacified a caustic shrike
 34201 | Depths:2 | Reached XP level 22. HP: 213/213 MP: 20/36
 34212 | Depths:2 | here's a cool trick with Elyvilon:
 34212 | Depths:2 | pacifying monsters while marked here will make the monsters
                  | fight each other
 34774 | Depths:2 | Found a one-way gateway to a ziggurat.
 34811 | Abyss:3  | Cast into level 3 of the Abyss (an occultist)
 34932 | Abyss:3  | Got an abyssal rune of Zot
 35038 | Abyss:3  | Noticed an ancient lich
 35059 | Abyss:3  | Killed an ancient lich
 35062 | Depths:3 | Escaped the Abyss
 35427 | Depths:3 | Noticed a caustic shrike
 35431 | Depths:3 | Pacified a caustic shrike
 35983 | Depths:3 | Identified the +6 scimitar of the Thoughtful Tables
                  | {protect, Fly Will++}
 36163 | Depths:3 | Noticed a juggernaut
 36163 | Depths:3 | Noticed a golden dragon
 36164 | Depths:3 | Pacified a juggernaut
 36171 | Depths:3 | Pacified a golden dragon
 36255 | Depths:3 | Got the Encyclopedia of Reshaped Anthracomancy
 36497 | Depths:3 | Reached skill level 22 in Fighting
 36980 | Depths:4 | Entered Level 4 of the Depths
 37223 | Depths:4 | Reached XP level 23. HP: 60/223 MP: 25/37
 37845 | Depths:4 | Found a hazy altar of Hepliaklqana.
 38154 | Depths:4 | Found a gate to the Realm of Zot.
 38782 | Slime:1  | Entered Level 1 of the Pits of Slime
 38807 | Slime:2  | Gained mutation: You occasionally lose the ability to read
                  | scrolls when taking damage. [a shining eye]
 38823 | Slime:2  | Lost mutation: You occasionally lose the ability to read
                  | scrolls when taking damage. [potion of mutation]
 38823 | Slime:2  | Gained mutation: You are somewhat resistant to further
                  | mutation. [potion of mutation]
 38888 | Slime:5  | Entered Level 5 of the Pits of Slime
 38938 | Slime:5  | Found a viscous altar of Jiyva.
 38952 | Slime:5  | Gained mutation: You are weak. (Str -2) [a shining eye]
 38961 | Slime:5  | Lost mutation: You are somewhat resistant to further
                  | mutation. [a shining eye]
 39215 | Slime:5  | Noticed the Royal Jelly
 39235 | Slime:5  | Killed the Royal Jelly
 39276 | Slime:5  | Identified the +2 rapier of the King {venom, rC+ Str+4}
 39297 | Slime:5  | Got a starry gem with 120 turns to spare
 39300 | Slime:5  | Got a slimy rune of Zot
 39326 | Slime:5  | Identified the ring "Mooxoaf" {Ice rN++ Str+5 Int-5}
 39328 | Slime:5  | Identified the amulet of the Salamander {Acrobat rPois
                  | Will+ Dex-2}
 39343 | Slime:5  | Identified the ring of Pitouf {rC- Str+4 Int+8 SInv}
 39366 | Slime:5  | Identified the ring "Ataxku" {*Corrode rF+ Str+4 Slay+4}
 39870 | Depths:4 | Upgraded the game from 0.32-a0-732-ga344392067 to
                  | 0.32-a0-747-gc8563f6773
 40308 | Shoals:3 | Bought the +4 plate armour of Qomonyrch {rElec rF++ Slay-4
                  | Stlth+} for 907 gold pieces
 40772 | Zot:1    | Entered Level 1 of the Realm of Zot
 42390 | Zot:2    | Identified the ring "Oczidug" {Ice Stlth+}
 42390 | Zot:2    | Noticed Josephina
 42391 | Zot:2    | Pacified Josephina
 42392 | Zot:2    | Reached skill level 23 in Fighting
 42790 | Zot:2    | Reached XP level 24. HP: 235/235 MP: 29/38
 42828 | Zot:2    | Noticed an orb of fire
 43240 | Zot:2    | Gained mutation: You occasionally lose the ability to drink
                  | potions when taking damage. [an orb of fire]
 43241 | Zot:2    | Noticed an orb of fire
 43272 | Zot:2    | Killed an orb of fire
 43276 | Zot:2    | Gained mutation: Your body sometimes deteriorates upon
                  | taking damage. [an orb of fire]
 43284 | Zot:2    | Gained mutation: You are very weak. (Str -4) [an orb of
                  | fire]
 43285 | Zot:2    | Killed an orb of fire
 43356 | Zot:2    | Lost mutation: Your body sometimes deteriorates upon taking
                  | damage. [potion of mutation]
 43356 | Zot:2    | Lost mutation: You are very weak. (Str -4) [potion of
                  | mutation]
 43356 | Zot:2    | Lost mutation: You are weak. (Str -2) [potion of mutation]
 43356 | Zot:2    | Gained mutation: You are clumsy. (Dex -2) [potion of
                  | mutation]
 43356 | Zot:2    | Gained mutation: You sometimes lose the ability to drink
                  | potions when taking damage. [potion of mutation]
 43356 | Zot:2    | Gained mutation: You passively map a small area around you.
                  | [potion of mutation]
 43356 | Zot:2    | Gained mutation: You have sharp fingernails. [potion of
                  | mutation]
 43357 | Zot:2    | Lost mutation: You passively map a small area around you.
                  | [potion of mutation]
 43357 | Zot:2    | Lost mutation: You are clumsy. (Dex -2) [potion of
                  | mutation]
 43357 | Zot:2    | Gained mutation: You have large cloven feet. [potion of
                  | mutation]
 43357 | Zot:2    | Lost mutation: You have sharp fingernails. [potion of
                  | mutation]
 43357 | Zot:2    | Gained mutation: You sometimes lose your temper in combat.
                  | [potion of mutation]
 43358 | Zot:2    | Lost mutation: You sometimes lose the ability to drink
                  | potions when taking damage. [potion of mutation]
 43358 | Zot:2    | Lost mutation: You occasionally lose the ability to drink
                  | potions when taking damage. [potion of mutation]
 43358 | Zot:2    | Lost mutation: You have large cloven feet. [potion of
                  | mutation]
 43358 | Zot:2    | Gained mutation: You are clumsy. (Dex -2) [potion of
                  | mutation]
 43358 | Zot:2    | Gained mutation: Your muscles are strong. (Str +4, Int/Dex
                  | -1) [potion of mutation]
 43358 | Zot:2    | Gained mutation: You passively dampen the noise of your
                  | surroundings. [potion of mutation]
 43359 | Zot:2    | Lost mutation: You passively dampen the noise of your
                  | surroundings. [potion of mutation]
 43359 | Zot:2    | Lost mutation: You are clumsy. (Dex -2) [potion of
                  | mutation]
 43359 | Zot:2    | Gained mutation: You are resistant to electric shocks.
                  | (rElec) [potion of mutation]
 43359 | Zot:2    | Gained mutation: You are frail. (-10% HP) [potion of
                  | mutation]
 43360 | Zot:2    | Lost mutation: You sometimes lose your temper in combat.
                  | [potion of mutation]
 43360 | Zot:2    | Lost mutation: You are frail. (-10% HP) [potion of
                  | mutation]
 43360 | Zot:2    | Gained mutation: You are strong-willed. (Will+) [potion of
                  | mutation]
 43360 | Zot:2    | Gained mutation: Your mind is acute. (Int +4, Str/Dex -1)
                  | [potion of mutation]
 43360 | Zot:2    | Gained mutation: You expend magic power (3 MP) to
                  | strengthen your wands. [potion of mutation]
 44362 | Zot:3    | You fall into a shaft and drop 1 floor!
 44702 | Zot:4    | Noticed a Killer Klown
 44707 | Zot:4    | Found the +4 dragonskin cloak {Aegis}
 44707 | Zot:4    | Noticed Tiamat
 44709 | Zot:4    | silence blocks off my escape tools, so I'm going to ask
                  | Discord for help
 45095 | Zot:5    | Entered Level 5 of the Realm of Zot
 45650 | Zot:5    | Noticed an ancient lich
 45660 | Zot:5    | Killed an ancient lich
 45750 | Zot:5    | Noticed a Killer Klown
 45751 | Zot:5    | Pacified a Killer Klown
 45763 | Zot:5    | Noticed an orb of fire
 45764 | Zot:5    | Noticed a Killer Klown
 45782 | Zot:5    | Gained mutation: Your body sometimes deteriorates upon
                  | taking damage. [an orb of fire]
 45785 | Zot:5    | Gained mutation: Armour fits poorly on your strangely
                  | shaped body. [an orb of fire]
 45790 | Zot:5    | Killed an orb of fire
 45817 | Zot:5    | Killed a Killer Klown
 45851 | Zot:5    | Killed a Killer Klown
 45921 | Zot:5    | Noticed a Killer Klown
 45963 | Zot:5    | Killed a Killer Klown
 45975 | Zot:5    | Noticed a Killer Klown
 46012 | Zot:5    | Killed a Killer Klown
 46013 | Zot:5    | Reached skill level 24 in Fighting
 46043 | Zot:5    | Noticed an ancient lich
 46060 | Zot:5    | Killed an ancient lich
 46280 | Zot:5    | Noticed a dread lich
 46290 | Zot:5    | Killed a dread lich
 46325 | Zot:5    | Reached XP level 25. HP: 213/245 MP: 29/38
 46366 | Zot:5    | Noticed an orb of fire
 46366 | Zot:5    | Noticed an orb of fire
 46377 | Zot:5    | Noticed an orb of fire
 46379 | Zot:5    | Killed an orb of fire
 46380 | Zot:5    | Noticed a Killer Klown
 46383 | Zot:5    | Killed an orb of fire
 46383 | Zot:5    | Gained mutation: You occasionally shout uncontrollably at
                  | your foes. [an orb of fire]
 46386 | Zot:5    | Noticed a dread lich
 46388 | Zot:5    | Gained mutation: You do not regenerate when monsters are
                  | visible. [an orb of fire]
 46391 | Zot:5    | Gained mutation: You occasionally lose the ability to read
                  | scrolls when taking damage. [an orb of fire]
 46392 | Zot:5    | Gained mutation: You are vulnerable to cold. (rC-) [an orb
                  | of fire]
 46393 | Zot:5    | Killed an orb of fire
 46405 | Zot:5    | Noticed an orb of fire
 46406 | Zot:5    | Killed a Killer Klown
 46412 | Zot:5    | Gained mutation: Your body often deteriorates upon taking
                  | damage. [an orb of fire]
 46416 | Zot:5    | Paralysed by something for 3 turns
 46416 | Zot:5    | Noticed an orb of fire
 46416 | Zot:5    | Lost mutation: You are strong-willed. (Will+) [an orb of
                  | fire]
 46424 | Zot:5    | Paralysed by something for 3 turns
 46425 | Zot:5    | Gained mutation: You have a somewhat thin skeletal
                  | structure. (Dex +2, Stealth+) [an orb of fire]
 46426 | Zot:5    | Lost mutation: Your mind is acute. (Int +4, Str/Dex -1) [an
                  | orb of fire]
 46431 | Zot:5    | Gained mutation: Your magical capacity is low. (-10% MP)
                  | [an orb of fire]
 46431 | Zot:5    | Gained mutation: You are vulnerable to heat. (rF-) [an orb
                  | of fire]
 46454 | Zot:5    | Gained mutation: Your magical capacity is very low. (-20%
                  | MP) [an orb of fire]
 46475 | Zot:5    | Noticed a dread lich
 46491 | Zot:5    | Gained mutation: You have hidden genetic defects. [an orb
                  | of fire]
 46494 | Zot:5    | Gained mutation: You are dopey. (Int -2) [an orb of fire]
 46501 | Zot:5    | Gained mutation: You are occasionally teleported next to
                  | monsters. [an orb of fire]
 46508 | Zot:5    | Gained mutation: You have terrible hidden genetic defects.
                  | [an orb of fire]
 46509 | Zot:5    | Lost mutation: Your muscles are strong. (Str +4, Int/Dex
                  | -1) [an orb of fire]
 46511 | Zot:5    | Gained mutation: You sometimes lose your temper in combat.
                  | [an orb of fire]
 46794 | Zot:3    | Lost mutation: Your magical capacity is very low. (-20% MP)
                  | [potion of mutation]
 46794 | Zot:3    | Lost mutation: You are vulnerable to cold. (rC-) [potion of
                  | mutation]
 46794 | Zot:3    | Lost mutation: You are occasionally teleported next to
                  | monsters. [potion of mutation]
 46795 | Zot:3    | Lost mutation: You have a somewhat thin skeletal structure.
                  | (Dex +2, Stealth+) [potion of mutation]
 46795 | Zot:3    | Lost mutation: You expend magic power (3 MP) to strengthen
                  | your wands. [potion of mutation]
 46795 | Zot:3    | Lost mutation: You are vulnerable to heat. (rF-) [potion of
                  | mutation]
 46796 | Zot:3    | Lost mutation: Your magical capacity is low. (-10% MP)
                  | [potion of mutation]
 46796 | Zot:3    | Lost mutation: Armour fits poorly on your strangely shaped
                  | body. [potion of mutation]
 46796 | Zot:3    | Gained mutation: You sometimes lose the ability to read
                  | scrolls when taking damage. [potion of mutation]
 46797 | Zot:3    | Lost mutation: You occasionally shout uncontrollably at
                  | your foes. [potion of mutation]
 46797 | Zot:3    | Lost mutation: Your body often deteriorates upon taking
                  | damage. [potion of mutation]
 46797 | Zot:3    | Lost mutation: You sometimes lose your temper in combat.
                  | [potion of mutation]
 46797 | Zot:3    | Gained mutation: You are very dopey. (Int -4) [potion of
                  | mutation]
 46797 | Zot:3    | Lost mutation: You do not regenerate when monsters are
                  | visible. [potion of mutation]
 46798 | Zot:3    | Lost mutation: You sometimes lose the ability to read
                  | scrolls when taking damage. [potion of mutation]
 46798 | Zot:3    | Lost mutation: You have terrible hidden genetic defects.
                  | [potion of mutation]
 46798 | Zot:3    | Lost mutation: You are resistant to electric shocks.
                  | (rElec) [potion of mutation]
 46799 | Zot:3    | Lost mutation: Your body sometimes deteriorates upon taking
                  | damage. [potion of mutation]
 46799 | Zot:3    | Lost mutation: You have hidden genetic defects. [potion of
                  | mutation]
 46799 | Zot:3    | Lost mutation: You are very dopey. (Int -4) [potion of
                  | mutation]
 46799 | Zot:3    | Gained mutation: You expend magic power (3 MP) to
                  | strengthen your wands. [potion of mutation]
 46799 | Zot:3    | Gained mutation: Your muscles are strong. (Str +4, Int/Dex
                  | -1) [potion of mutation]
 47066 | Zot:4    | Killed Tiamat
 47067 | Zot:4    | Reached skill level 10 in Dodging
 47173 | Zot:5    | Gained mutation: You are vulnerable to cold. (rC-) [an orb
                  | of fire]
 47175 | Zot:5    | Lost mutation: Your muscles are strong. (Str +4, Int/Dex
                  | -1) [an orb of fire]
 47180 | Zot:5    | Gained mutation: You do not regenerate when monsters are
                  | visible. [an orb of fire]
 47182 | Zot:5    | Gained mutation: You sometimes lose your temper in combat.
                  | [an orb of fire]
 47183 | Zot:5    | Killed an orb of fire
 47193 | Zot:5    | Paralysed by a dread lich for 5 turns
 47196 | Zot:5    | Gained mutation: You are very dopey. (Int -4) [an orb of
                  | fire]
 47196 | Zot:5    | Gained mutation: You occasionally shout uncontrollably at
                  | your foes. [an orb of fire]
 47198 | Zot:5    | Gained mutation: You are frail. (-10% HP) [an orb of fire]
 47203 | Zot:4    | Gained mutation: You frequently scream uncontrollably at
                  | your foes. [an orb of fire]
 47205 | Zot:4    | Gained mutation: Armour fits poorly on your strangely
                  | shaped body. [an orb of fire]
 47209 | Zot:4    | Killed an orb of fire
 47795 | Orc:2    | Bought a potion of mutation for 112 gold pieces
 47797 | Orc:2    | Bought a potion of mutation for 88 gold pieces
 47797 | Orc:2    | Lost mutation: You do not regenerate when monsters are
                  | visible. [potion of mutation]
 47797 | Orc:2    | Lost mutation: You are vulnerable to cold. (rC-) [potion of
                  | mutation]
 47797 | Orc:2    | Lost mutation: You frequently scream uncontrollably at your
                  | foes. [potion of mutation]
 47797 | Orc:2    | Gained mutation: Your health recovers twice as slowly from
                  | being drained. [potion of mutation]
 47797 | Orc:2    | Gained mutation: You are strong-willed. (Will+) [potion of
                  | mutation]
 47798 | Orc:2    | Lost mutation: Your health recovers twice as slowly from
                  | being drained. [potion of mutation]
 47798 | Orc:2    | Lost mutation: You are frail. (-10% HP) [potion of
                  | mutation]
 47798 | Orc:2    | Lost mutation: You occasionally lose the ability to read
                  | scrolls when taking damage. [potion of mutation]
 47798 | Orc:2    | Gained mutation: Your system is resistant to poisons.
                  | (rPois) [potion of mutation]
 48275 | Zot:5    | Killed a dread lich
 48313 | Zot:5    | Killed a dread lich
 48498 | Zot:5    | Got the Orb of Zot
 48520 | Zot:5    | Noticed Moluchul the pandemonium lord
 48925 | D:13     | Noticed Ogagoeto the pandemonium lord
 48965 | D:12     | Killed Ogagoeto the pandemonium lord
 49102 | D:7      | Noticed Egiolitt the pandemonium lord
 49245 | D:$      | Escaped with the Orb!

Illustrated notes ####### ....!.# ......# ......# ......# ......################## ...............†@......$ ...........############# # .∩..†)...)..... .. ....†......###.####### ######.. ####...<...# #.......#####......# #.......# ######.............# ##.....## ##>.###.........# ##.....#######..## #.........# #.......#......## ####.###### Turn 771 on D:2: found 2 shops but forgot how to annotate #.[.........#......#.....#### #..########.####'###.....TT.T #..# #.(.(...........pTT #..# #.................p #..# #................g. #..# #TpT............... #[)# #Tp########.......p #[.# #pT# #........ #..# #p@# #....###u #..# #ppT......#...## #. #..# #pT#......#..## #. #..# #.T#......#.## +. #..# #..# .....### #. #..# #..# ####+ #.T# +... #..# #... #... Turn 26565 on Vaults:1: sucking in Vaults:1 .........# .........# .........# .........# #..# #..# #..# ##..# #@..# #....# ......# ........# ..........# ..........# ..Y...../.# ..........# Turn 26596 on Vaults:1: now trapped in a place where mark is unsurvivable .........# .........# .........# .........# #..# #..# #..# ##..# #@..# #....# ......# ........# .Y........# ..........# ......../.# ..........# Turn 26598 on Vaults:1: just used my last potion of heal wounds and pacified the elephant

........#...'.#.....#..#......#..
........#...#.###'#.#..#......#..
........#...#.#...#.#..#......#..
.###....#.###'#####.#..#......#'#
##.#....#.#...'.#...#..#......#..
#..#....#.#####.#...#..########..
...'....#.....#.#...#............
...#....#.....###.>.#............
...##(..#.......@...#............
'##.##..#######'#####............
..#..##..........................
>.'...##...............##########
..#....##..............#........'
'##.....#..............#.....#..#
...######..............#.###.#..#
...#...................#.....#..#
...#...................#..#.....#


Turn 28170 on Vaults:1: Vaults:1 went better after those notes #......# #..<...#
#......# ## ####'###### #..#.....#..# ..'..#..'..# #'#)++#'#.# ,+..#.....# .
#.))@.#..# #.'.#'#.+.## #..#.))..#..# #..[..#.....# #.#+#.+.#+#+# # ..#..
#.....# ####### Turn 28446 on Vaults:2: switched from reflection to regen as I
keep rolling big melee threats #### ###..### ##......# #.. #...##..###..
##..####..##O####### #..#####[.##.#...#.# #..##..[)###.##.##.#
#..##.@[.###.......# ##.##..)##[#)......# #..#####.)')......#
#{[[...)[÷#.##.##.# ##.....)†.#.#{..#.# ##..[..†.###{##### #########.{....#
#......# #......# Turn 31412 on Vaults:4: cleared what is probably most if not
all of Vaults:4 from here ### ##.### ##....# ##...#.### ##...##...# ##...#####.#
##†..## #.# ### #)@.## ####.## #.. #...## ##.....## #.. #...## #...~~..####.
#...# ###.~.##..##. #.C.# ####.~........ ##X..# #....~.~~~.... .CD$#
.......~~~.... .C)# ######.##.......... ....###..##..#####....... Turn 34212 on
Depths:2: here's a cool trick with Elyvilon: *,*,,,,,,,,,,,,,,.....,,,,,,,,,,
**,*,**,,****,****?...,,,,**,***, ,*,*,*,,,* *,* *...,,,,,**,***,
,,,,,..,.####,* *#.#****,**,,,,, ,*,,,,.....○○?#####.# *,**,,**,
,***⌠,,....dd○°{..°.# **,**,,**, ,* ****#.#########°.# *,,,^,,,,, ,*
#.##########)###*,,**,,*** ,* #........@zd...##.,**,,* ,*
#####...#####y)....p..#*,,* ,* #>.##...##.<########...,,,*** ,* #...#...#...#
#.#*#.,*,,,, ,* *#.'#...#'.#######.# **,***** ,* #####...).###.......# *,,,,,,
,* #................⌠..# *,,,,,, ,* #......⌠....†.......####...,,, ,*
#..........................,,, Turn 44709 on Zot:4: silence blocks off my escape
tools, so I'm going to ask Discord for help

Levels and vault maps discovered:
D:1:      scummos_arrival_star, layout_basic, minmay_lizard_king
D:2:      layout_rooms, serial_shops, nicolae_shop_gibbet_a_chance, shop,
          nicolae_book_shop_shelving
D:3:      cheibrodos_thug_alley, layout_loops_ring,
          mainiacjoe_overflow_small_starburst, ebering_ecumenical_altar_mist,
          kennysheep_boxes
D:4:      layout_cave_pools, ebering_ghost_sewer_d, corexii_checkpoint,
          nicolae_wormholes
D:5:      layout_basic, mainiacjoe_overflow_large_starburst,
          corexii_mini_fake_secret_closet, chequers_arboretum,
          corexii_leaking_fountain, uniq_grinder
D:6:      layout_cave_pools, serial_shops, shop, minmay_three_doors
D:7:      layout_basic, amcnicky_altar_gilded, minmay_temple_entry_mini_moons,
          kennysheep_path_1, the_hattery, uniq_maggie, uniq_maurice
D:8:      layout_rooms, gammafunk_ghost_berserking_beasts
D:9:      layout_layer_cave, serial_shops, nicolae_shop_tiny_real_fake_doors,
          hangedman_weighted_door, nicolae_shop_overcharged_wands, uniq_amaemon
D:10:     layout_basic, orc_0_dummy
D:11:     layout_roguey, lair_entry_dummy, ebering_ghost_reflecting_pool
D:12:     layout_small_grid, nicolae_wooded_promenade, slow_altar_2, uniq_psyche
D:13:     layout_rooms, erik_vaults_1, gauntlet_entry_generic,
          cheibrodos_ashenzari_chains, uniq_frances, uniq_sonja
D:14:     layout_roguey, nicolae_tso_swordbearing_angel, xom_confusion_cloud
D:15:     grunt_enter_depths_magical_seal, layout_basic, basic_altar,
          nicolae_gozag_cash_rules_everything_around_me
Lair:1:   layout_cellular_growth
Lair:2:   dpeg_oklob_gauntlet, layout_gridlike,
          minmay_shoals_entry_lonely_mermaid, basic_altar
Lair:3:   layout_hall_layers, minmay_snake_entry_guardpost_medium
Lair:4:   onia_ninara_swampy_vault, layout_cave_pods, st_stairs_8,
          grunt_megastairs_4
Lair:5:   hellmonk_lair_end_abyssal_woods, layout_long_grid,
          minmay_slime_entry_pillars, grunt_megastairs_3
Shoals:1: nicolae_shoals_island_circles, layout_shoals
Shoals:2: layout_shoals, serial_shops, shop,
          nicolae_shoals_water_elemental_grotto
Shoals:3: nicolae_shoals_aurelia_aurita, layout_shoals, serial_shops, shop,
          nicolae_shoals_hunting_party, uniq_polyphemus
Shoals:4: shoals_end_hellmonk_lost_city
Snake:1:  layout_layer_cave, portal_ice_cave_entry_ugly_swarm
Snake:2:  layout_onion_interference
Snake:3:  layout_onion_interference, gammafunk_ghost_necromancy, uniq_roxanne,
          uniq_mlioglotl
Snake:4:  hellmonk_snake_rune_quicksilver_temple, layout_onion,
          nicolae_snake_magic_snake_eye, minmay_shop_star
Slime:1:  layout_caves, cheibrodos_slime_lost_civilization_4
Slime:2:  layout_caves, nicolae_slime_getting_an_eyeful
Slime:3:  cheibrodos_slime_lost_civilization_3, layout_caves
Slime:4:  layout_caves
Slime:5:  slime_pit_nicolae_jellycorners
Orc:1:    layout_caves, basic_altar, serial_shops, shop, uniq_erolcha
Orc:2:    pf_orc_diabolical, layout_diamond_mine, lightli_church_of_beogh
Elf:1:    minmay_elf_arrival_summoners, layout_loops_corners, kb_rosetta,
          glass_columns_c, einodemon_crawler_minivault, uniq_norris, uniq_zenata
Elf:2:    nicolae_elf_blades_crystal_corner, layout_geoelf_diagonals,
          serial_shops, shop, hangedman_research_geology
Vaults:1: nicolae_vaults_cornered_office, vaults_mumra_chevron_long,
          hangedman_vaults_restitches, nicolae_vaults_trapezoid_layered,
          nicolae_vaults_trapezoid_lopsided_3, nicolae_vaults_closet_pinwheel_2,
          vaults_room_door_hall, nicolae_vaults_little_squares_3,
          vaults_room_grunt_arrival_ludios, nicolae_vaults_alarming,
          nicolae_vaults_house_1, layout_vaults_chaotic_city
Vaults:2: mu_enter_wizlab_2, vaults_mumra_hex, nicolae_vaults_little_squares_5,
          nicolae_vaults_door_testing_chamber, nicolae_vaults_angled_halls,
          nicolae_vaults_sesquioval_fish, nicolae_vaults_gold_heap, v_misc_16,
          vaults_dpeg_emergency_exit, nicolae_vaults_storage_closets_1,
          v_rooms_4, vaults_room_hangedman_quadrants,
          nicolae_vaults_yaktaur_gun_rack, nicolae_vaults_rhombus_5,
          layout_vaults_maze_snakey, uniq_saint_roka
Vaults:3: nicolae_vaults_sealed_display, nicolae_vaults_mini_display_case,
          v_misc_4, minmay_crypt_entry_necro_gods, hangedman_vaults_hat,
          grunt_vaults_twisty, vaults_dpeg_ring, hangedman_vaults_impose,
          v_misc_3, grunt_vaults_hallway_short, nicolae_vaults_diamond_1,
          layout_vaults_omnibox
Vaults:4: portal_desolation_entry_nicolae_slug, nicolae_vaults_wine_cellar,
          nicolae_vaults_corridor_and_loot_room,
          nicolae_vaults_little_squares_6, vaults_mumra_hexcomb,
          ontoclasm_vaults_spin, ontoclasm_vaults_chip, vaults_dpeg_spiral,
          nicolae_vaults_trapezoid_lopsided_1, v_misc_11,
          layout_vaults_omnicross, serial_shops, nicolae_shop_behind_doors
Depths:1: layout_big_octagon, kennysheep_another_room, pf_hell_entry_great_geh,
          serial_glass, glass_columns_a, glass_columns_a, glass_columns_b,
          glass_columns_c, glass_columns_a, glass_columns_a, glass_columns_a,
          glass_columns_c, glass_columns_b, glass_columns_a,
          kiku_gazebo_garden_becter
Depths:2: minmay_triangles_in_corner, layout_cave_pools, enter_ziggurat_f,
          lightli_too_deep, chequers_serial_rivers_room_a, pan_entry,
          minmay_misc_feat_ornament, uniq_enchantress
Depths:3: hangedman_pleasuredromes, pan_entry, hell_entry, abyss_entry
Depths:4: grunt_zot_entry_bicorn, layout_basic, hell_entry,
          nicolae_benzene_ring, pan_entry, nicolae_hepliaklqana_hazy_memory
Zot:1:    layout_basic, grunt_ministairs_14
Zot:2:    lemuel_firehouse, layout_concentric_octagons, uniq_josephina
Zot:3:    layout_basic
Zot:4:    layout_basic, regret_index_zotdec_ex, grunt_ministairs_6, uniq_tiamat
Zot:5:    layout_onion

Skill      XL: |  1  2  3  4  5  6  7  8  9 10 11 12 13 14 15 16 17 18 19 20 21 22 23 24 25 |
---------------+----------------------------------------------------------------------------+-----
Axes           | 3 4 5 6 7 14 19 | 19.5
Fighting       | 4 5 6 8 9 11 13 14 15 16 18 19 21 22 23 24 | 24.7
Shields        | 4 5 6 8 9 11 13 14 15 16 17 18 20 | 20.9
Polearms       | 2 4 6 9 11 | 11.4
Invocations    | 6 10 13 15 17 18 20 21 22 | 22.0
Armour         | 4 6 7 11 13 14 16 17 18 20 21 | 21.0
Dodging        | 3 4 5 7 9 10 | 10.4
Evocations     | 5 |  5.0
Throwing       | 10 12 | 12.0

Action                     |  1- 3 |  4- 6 |  7- 9 | 10-12 | 13-15 | 16-18 | 19-21 | 22-24 | 25-27 || total
---------------------------+-------+-------+-------+-------+-------+-------+-------+-------+-------++-------
  Melee: War axe           |   156 |    85 |       |       |       |       |       |       |       ||   241
         Lance             |       |    42 |   213 |   543 |   982 |  2340 |   949 |       |       ||  5069
         Broad axe         |       |       |       |       |       |       |  1110 |  2042 |   292 ||  3444
  Throw: Dart              |       |       |     4 |     1 |     3 |     2 |     3 |     1 |       ||    14
         Javelin           |       |       |       |       |       |       |     9 |    12 |     6 ||    27
         Throwing net      |       |       |       |       |       |       |       |       |     1 ||     1
 Invoke: Heal Other        |       |       |       |    25 |     8 |    31 |    17 |    37 |     1 ||   119
         Purification      |       |       |       |       |     3 |       |     1 |       |     1 ||     5
         Divine Vigour     |       |       |       |       |       |     2 |     5 |     2 |     2 ||    11
         Heal Self         |       |       |       |       |       |       |     2 |     3 |     3 ||     8
  Evoke: Wand              |       |       |     3 |     4 |     4 |    12 |    10 |    14 |    10 ||    57
         Phantom mirror    |       |       |       |       |       |       |     1 |       |     1 ||     2
         Box of beasts     |       |       |       |       |       |       |       |     1 |     1 ||     2
    Use: Potion            |     2 |       |       |       |     7 |     7 |    12 |    19 |    25 ||    72
         Scroll            |     2 |       |    14 |    10 |     7 |    11 |    12 |    13 |    12 ||    81
   Stab: Invisible         |       |       |     1 |       |     1 |     1 |     1 |     6 |       ||    10
         Distracted        |       |       |       |     1 |       |       |       |     1 |     2 ||     4
         Sleeping          |       |       |       |       |       |       |       |     1 |       ||     1
 Armour: Scale mail        |   113 |     1 |       |       |    82 |       |       |       |       ||   196
         Chain mail        |       |     4 |       |       |     2 |   859 |  1016 |   517 |       ||  2398
         Ring mail         |       |    49 |    47 |   184 |   121 |       |       |       |       ||   401
         Plate armour      |       |       |       |       |    62 |       |       |   605 |   270 ||   937
         Acid dragon scale |       |       |       |       |       |       |       |     2 |       ||     2
  Dodge: Dodged            |    66 |    16 |    18 |    60 |    80 |   255 |   290 |   260 |    47 ||  1092
  Block: Buckler           |    22 |       |       |       |       |       |       |       |       ||    22
         Tower shield      |       |   120 |   153 |   510 |   879 |  2469 |  2155 |  1888 |   336 ||  8510
         Reflection        |       |       |       |       |       |       |     9 |       |       ||     9

Table legend: (Time is in decaauts)
 A = Elapsed time spent in this place.
 B = Non-inter-level travel time spent in this place.
 C = Inter-level travel time spent in this place.
 D = Time resting spent in this place.
 E = Time spent auto-exploring this place.
 F = Levels seen in this place.
 G = Mean time per level.
                   A        B        C        D        E       F      G
               +--------+--------+--------+--------+--------+-----+--------+
         Total |  48371 |  31392 |  16979 |   4810 |  11368 |  51 |  948.5 |
       Dungeon |  11381 |   6921 |   4460 |     94 |   3858 |  15 |  758.7 |
          Lair |   5086 |   2517 |   2569 |    142 |   1045 |   5 | 1017.2 |
        Shoals |   2941 |   1953 |    988 |    237 |    215 |   4 |  735.2 |
     Snake Pit |   4421 |   3235 |   1186 |    541 |    947 |   4 | 1105.2 |
    Slime Pits |    665 |    425 |    240 |     97 |      0 |   5 |  133.0 |
  Orcish Mines |   2149 |   1016 |   1133 |    212 |    104 |   2 | 1074.5 |
   Elven Halls |   2197 |   1846 |    351 |    169 |    948 |   2 | 1098.5 |
        Vaults |   6215 |   4717 |   1498 |   1019 |   2136 |   4 | 1553.8 |
        Depths |   5989 |   4055 |   1934 |   1042 |   1170 |   4 | 1497.2 |
           Zot |   7106 |   4489 |   2617 |   1256 |    945 |   5 | 1421.2 |
         Abyss |    216 |    216 |      0 |      0 |      0 |   1 |  216.0 |
               +--------+--------+--------+--------+--------+-----+--------+

Top non-repeatable levels by time:
Vaults:1: 1990 daAuts
   Orc:2: 1939 daAuts
Depths:3: 1831 daAuts
 Snake:4: 1754 daAuts
   Zot:3: 1739 daAuts
   Zot:2: 1687 daAuts
Depths:4: 1623 daAuts
   Zot:5: 1614 daAuts
   Elf:1: 1569 daAuts
Vaults:2: 1563 daAuts
  Lair:2: 1423 daAuts
Depths:2: 1371 daAuts
Vaults:4: 1345 daAuts
Vaults:3: 1315 daAuts
  Lair:4: 1239 daAuts
